| TOP OF THE 1ST |
|
Milwaukee Brewers batting - Pitching for Kansas City Royals : RHP Chris Irvin
|
|
Pitching: RHP Chris Irvin
|
|
|
Batting: RHB Joel Haycock
|
0-0: Ball 1-0: Foul Ball, location: 2F 1-1: Ball 2-1: Ball 3-1: Base on Balls
|
|
Batting: RHB Akitada Nishizawa
|
0-0: Called Strike 0-1: Foul Ball, location: 2F 0-2: Foul Ball, location: 2F 0-2: Foul Ball, location: 2F 0-2: Ball 1-2: Ball 2-2: Foul Ball, location: 2F 2-2: Ball 3-2: Fly out, F9 (Flyball, 9, EV 90.6 MPH)
|
|
Batting: LHB Eric Klasek
|
0-0: Ball 1-0: Fly out, F8 (Flyball, 8LXD, EV 79.4 MPH)
|
|
Batting: SHB Junzo Kato
|
0-0: Foul Ball, location: 2F 0-1: Foul Ball, location: 2F 0-2: Ball 1-2: Ball 2-2: Ball 3-2: Strikes out swinging
|
| Top of the 1st over - 0 runs, 0 hits, 0 errors, 1 left on base; Milwaukee 0 - Kansas City 0 |
| BOTTOM OF THE 1ST |
|
Kansas City Royals batting - Pitching for Milwaukee Brewers : RHP Victor Munoz
|
|
Pitching: RHP Victor Munoz
|
|
|
Batting: SHB Jose Pacheco
|
0-0: SINGLE (Line Drive, 7S, EV 100.6 MPH)
|
|
Batting: RHB Matt Belgard
|
0-0: Ball 1-0: Ball 2-0: Grounds into double play, 6-4-3 (Groundball, 6, EV 81.9 MPH)
|
|
Batting: LHB Mike Meyerhoff
|
0-0: SINGLE (Groundball, 34, EV 96.9 MPH)
|
|
Batting: RHB Mike Jaquez
|
0-0: Hit by Pitch Mike Meyerhoff to second
|
|
Batting: LHB Roman Downey
|
0-0: Swinging Strike 0-1: Swinging Strike 0-2: Strikes out looking
|
| Bottom of the 1st over - 0 runs, 2 hits, 0 errors, 2 left on base; Milwaukee 0 - Kansas City 0 |
| TOP OF THE 2ND |
|
Milwaukee Brewers batting - Pitching for Kansas City Royals : RHP Chris Irvin
|
|
Batting: RHB Daniel Donovan
|
0-0: Foul Ball, location: 2F 0-1: Ball 1-1: Called Strike 1-2: SINGLE (Groundball, 56D, EV 98.8 MPH)
|
|
Batting: LHB Alfredo de la Cruz
|
0-0: Ball 1-0: Fly out, F9 (Line Drive, 9D, EV 91.9 MPH)
|
|
Batting: RHB Kisho Ito
|
0-0: Ball 1-0: Called Strike 1-1: SINGLE (Groundball, P, EV 86.2 MPH) (infield hit) Daniel Donovan to second
|
|
Batting: RHB Naofumi Ishida
|
0-0: Foul Ball, location: 2F 0-1: Ball 1-1: Foul Ball, location: 2F 1-2: Ball 2-2: Grounds into double play, 5-4-3 (Groundball, 56, EV 85.0 MPH)
|
| Top of the 2nd over - 0 runs, 2 hits, 0 errors, 1 left on base; Milwaukee 0 - Kansas City 0 |
| BOTTOM OF THE 2ND |
|
Kansas City Royals batting - Pitching for Milwaukee Brewers : RHP Victor Munoz
|
|
Batting: SHB Gil Switzer
|
0-0: Foul Ball, location: 2F 0-1: Fly out, F7 (Flyball, 78S, EV 86.9 MPH)
|
|
Batting: LHB Pete Hansel
|
0-0: Ball 1-0: Ball 2-0: Called Strike 2-1: Ground out U3 (Groundball, 3, EV 81.9 MPH)
|
|
Batting: RHB Walt Cogswell
|
0-0: SINGLE (Line Drive, 34, EV 108.8 MPH)
|
|
Batting: LHB Manny Estrada
|
0-0: Ball 1-0: Ball 2-0: Ball 3-0: SINGLE (Groundball, 5D, EV 101.9 MPH) Walt Cogswell to second Runner from 2nd tries for 3rd, SAFE, throw by LF made to third
|
|
Batting: SHB Jose Pacheco
|
0-0: Ball 1-0: Foul Ball, location: 2F 1-1: Ball 2-1: Ball 3-1: Base on Balls Manny Estrada to second
|
|
Batting: RHB Matt Belgard
|
0-0: Called Strike 0-1: Fly out, F9 (Flyball, 89D, EV 93.1 MPH)
|
| Bottom of the 2nd over - 0 runs, 2 hits, 0 errors, 3 left on base; Milwaukee 0 - Kansas City 0 |
| TOP OF THE 3RD |
|
Milwaukee Brewers batting - Pitching for Kansas City Royals : RHP Chris Irvin
|
|
Batting: RHB Ben Campbell
|
0-0: Called Strike 0-1: Ball 1-1: Ball 2-1: Called Strike 2-2: Ball 3-2: Strikes out swinging
|
|
Batting: RHB Joel Haycock
|
0-0: Fly out, F9 (Flyball, 9, EV 91.9 MPH)
|
|
Batting: RHB Akitada Nishizawa
|
0-0: Called Strike 0-1: Swinging Strike 0-2: Ball 1-2: Foul Ball, location: 2F 1-2: Ground out 5-3 (Groundball, 5S, EV 68.8 MPH)
|
| Top of the 3rd over - 0 runs, 0 hits, 0 errors, 0 left on base; Milwaukee 0 - Kansas City 0 |
| BOTTOM OF THE 3RD |
|
Kansas City Royals batting - Pitching for Milwaukee Brewers : RHP Victor Munoz
|
|
Batting: LHB Mike Meyerhoff
|
0-0: Foul Ball, location: 2F 0-1: Ball 1-1: Called Strike 1-2: Foul Ball, location: 2F 1-2: Foul Ball, location: 2F 1-2: Ground out U3 (Groundball, 3L, EV 82.5 MPH)
|
|
Batting: RHB Mike Jaquez
|
0-0: Fly out, F8 (Line Drive, 8LM, EV 90.6 MPH)
|
|
Batting: LHB Roman Downey
|
0-0: Called Strike 0-1: Ball 1-1: Called Strike 1-2: Foul Ball, location: 2F 1-2: Ball 2-2: Strikes out swinging
|
| Bottom of the 3rd over - 0 runs, 0 hits, 0 errors, 0 left on base; Milwaukee 0 - Kansas City 0 |
| TOP OF THE 4TH |
|
Milwaukee Brewers batting - Pitching for Kansas City Royals : RHP Chris Irvin
|
|
Batting: LHB Eric Klasek
|
0-0: Ball 1-0: Ball 2-0: Called Strike 2-1: Ball 3-1: Foul Ball, location: 2F 3-2: Foul Ball, location: 2F 3-2: Base on Balls
|
|
Batting: SHB Junzo Kato
|
0-0: Ball Eric Klasek steals 2nd base 1-0: Ball 2-0: Called Strike 2-1: Foul Ball, location: 2F 2-2: Reached on error, E4 (Groundball, 4, EV 84.4 MPH) Eric Klasek to third
|
|
Batting: RHB Daniel Donovan
|
0-0: Ball 1-0: Ball 2-0: Called Strike 2-1: Foul Ball, location: 2F 2-2: Strikes out swinging
|
|
Batting: LHB Alfredo de la Cruz
|
0-0: Called Strike 0-1: Ball 1-1: Foul Ball, location: 2F 1-2: Ball 2-2: Ball Junzo Kato steals 2nd base 3-2: Fly out, F9 (Flyball, 9, EV 74.4 MPH) Runner from 3rd tags up, SCORES, throw by RF Junzo Kato to third
|
|
Batting: RHB Kisho Ito
|
0-0: Foul Ball, location: 2F 0-1: Ball 1-1: Ball 2-1: Ground out 4-3 (Groundball, 4, EV 80.0 MPH)
|
| Top of the 4th over - 1 run, 0 hits, 1 error, 1 left on base; Milwaukee 1 - Kansas City 0 |
| BOTTOM OF THE 4TH |
|
Kansas City Royals batting - Pitching for Milwaukee Brewers : RHP Victor Munoz
|
|
Batting: SHB Gil Switzer
|
0-0: Ball 1-0: Foul Ball, location: 2F 1-1: Ball 2-1: Foul Ball, location: 2F 2-2: Foul Ball, location: 2F 2-2: Ball 3-2: Foul Ball, location: 2F 3-2: Ground out 5-3 (Groundball, 5, EV 101.9 MPH)
|
|
Batting: LHB Pete Hansel
|
0-0: Called Strike 0-1: Called Strike 0-2: Ball 1-2: Ball 2-2: Ball 3-2: Base on Balls
|
|
Batting: RHB Walt Cogswell
|
0-0: Called Strike Pete Hansel steals 2nd base 0-1: Foul Ball, location: 2F 0-2: Fly out, F9 (Flyball, 9D, EV 105.0 MPH) Runner from 2nd tags up, SAFE at 3rd, no throw by RF
|
|
Batting: LHB Manny Estrada
|
0-0: Ball 1-0: Fly out, F8 (Flyball, 8RXD, EV 76.2 MPH)
|
| Bottom of the 4th over - 0 runs, 0 hits, 0 errors, 1 left on base; Milwaukee 1 - Kansas City 0 |
| TOP OF THE 5TH |
|
Milwaukee Brewers batting - Pitching for Kansas City Royals : RHP Chris Irvin
|
|
Batting: RHB Naofumi Ishida
|
0-0: Called Strike 0-1: Ball 1-1: Ball 2-1: Ground out 5-3 (Groundball, 56S, EV 80.0 MPH)
|
|
Batting: RHB Ben Campbell
|
0-0: Foul Ball, location: 2F 0-1: Foul Ball, location: 2F 0-2: Ground out 5-3 (Groundball, 56, EV 92.5 MPH)
|
|
Batting: RHB Joel Haycock
|
0-0: Ball 1-0: Ball 2-0: Ground out 6-3 (Groundball, 6, EV 90.6 MPH)
|
| Top of the 5th over - 0 runs, 0 hits, 0 errors, 0 left on base; Milwaukee 1 - Kansas City 0 |
| BOTTOM OF THE 5TH |
|
Kansas City Royals batting - Pitching for Milwaukee Brewers : RHP Victor Munoz
|
|
Batting: SHB Jose Pacheco
|
0-0: SOLO HOME RUN (Flyball, 9D, EV 97.5 MPH), Distance : 379 ft
|
|
Batting: RHB Matt Belgard
|
0-0: Called Strike 0-1: Foul Ball, location: 2F 0-2: Foul Ball, location: 2F 0-2: Ball 1-2: SINGLE (Line Drive, 89M, EV 87.5 MPH)
|
|
Batting: LHB Mike Meyerhoff
|
0-0: Called Strike 0-1: Ball 1-1: Foul Ball, location: 2F 1-2: Foul Ball, location: 2F 1-2: Ball 2-2: Ball 3-2: Foul Ball, location: 2F 3-2: DOUBLE (Groundball, 5L, EV 105.0 MPH) Matt Belgard to third Matt Belgard scores
|
|
Batting: RHB Mike Jaquez
|
0-0: Foul Ball, location: 2F 0-1: Called Strike 0-2: Ball 1-2: Strikes out swinging
|
|
Batting: LHB Roman Downey
|
0-0: Ball 1-0: Called Strike 1-1: Foul Ball, location: 2F 1-2: Ball 2-2: Ball 3-2: Base on Balls
|
|
Batting: SHB Gil Switzer
|
0-0: Ball 1-0: Swinging Strike 1-1: Ball 2-1: Ball 3-1: Base on Balls Mike Meyerhoff to third Roman Downey to second
|
|
Pitching: RHP Drew Tollefsen
|
|
|
Batting: LHB Pete Hansel
|
0-0: Ball 1-0: Fly out, F8 (Flyball, 78D, EV 79.4 MPH) Runner from 3rd tags up, SCORES, throw by CF
|
|
Batting: RHB Walt Cogswell
|
0-0: Ball 1-0: Foul Ball, location: 2F 1-1: DOUBLE (Flyball, 89D, EV 106.9 MPH) Roman Downey scores Gil Switzer to third
|
|
Batting: LHB Manny Estrada
|
0-0: Ball 1-0: Foul Ball, location: 2F 1-1: Ball 2-1: Foul Ball, location: 2F 2-2: 3-RUN HOME RUN (Flyball, 7LD, EV 89.4 MPH), Distance : 339 ft
|
|
Batting: SHB Jose Pacheco
|
0-0: Ball 1-0: Fly out, F7 (Flyball, 7, EV 91.9 MPH)
|
| Bottom of the 5th over - 7 runs, 5 hits, 0 errors, 0 left on base; Milwaukee 1 - Kansas City 7 |
| TOP OF THE 6TH |
|
Milwaukee Brewers batting - Pitching for Kansas City Royals : RHP Chris Irvin
|
|
Batting: RHB Akitada Nishizawa
|
0-0: Ball 1-0: Swinging Strike 1-1: Foul Ball, location: 2F 1-2: Foul Ball, location: 2F 1-2: Foul Ball, location: 2F 1-2: Strikes out swinging
|
|
Batting: LHB Eric Klasek
|
0-0: Ball 1-0: Called Strike 1-1: Swinging Strike 1-2: Strikes out swinging
|
|
Batting: SHB Junzo Kato
|
0-0: Called Strike 0-1: Ground out 1-3 (Groundball, 34S, EV 68.8 MPH)
|
| Top of the 6th over - 0 runs, 0 hits, 0 errors, 0 left on base; Milwaukee 1 - Kansas City 7 |
| BOTTOM OF THE 6TH |
|
Kansas City Royals batting - Pitching for Milwaukee Brewers : RHP Drew Tollefsen
|
|
Batting: RHB Matt Belgard
|
0-0: Called Strike 0-1: Swinging Strike 0-2: Ball 1-2: Foul Ball, location: 2F 1-2: Ball 2-2: Ball 3-2: Ground out 5-3 (Groundball, 5S, EV 88.8 MPH)
|
|
Batting: LHB Mike Meyerhoff
|
0-0: Foul Ball, location: 2F 0-1: Ball 1-1: Foul Ball, location: 2F 1-2: Ball 2-2: Foul Ball, location: 2F 2-2: Strikes out looking
|
|
Batting: RHB Mike Jaquez
|
0-0: Swinging Strike 0-1: Ground out 6-3 (Groundball, 6, EV 81.2 MPH)
|
| Bottom of the 6th over - 0 runs, 0 hits, 0 errors, 0 left on base; Milwaukee 1 - Kansas City 7 |
| TOP OF THE 7TH |
|
Milwaukee Brewers batting - Pitching for Kansas City Royals : RHP Chris Irvin
|
|
Batting: RHB Daniel Donovan
|
0-0: Ball 1-0: Swinging Strike 1-1: Swinging Strike 1-2: Foul Ball, location: 2F 1-2: Strikes out swinging
|
|
Pitching: LHP John Hall
|
|
|
Batting: LHB Alfredo de la Cruz
|
0-0: Ball 1-0: Called Strike 1-1: Foul Ball, location: 2F 1-2: Foul Ball, location: 2F 1-2: Foul Ball, location: 2F 1-2: Strikes out swinging
|
|
Batting: RHB Kisho Ito
|
0-0: Called Strike 0-1: Ball 1-1: Ground out U3 (Groundball, 3, EV 101.2 MPH)
|
| Top of the 7th over - 0 runs, 0 hits, 0 errors, 0 left on base; Milwaukee 1 - Kansas City 7 |
| BOTTOM OF THE 7TH |
|
Kansas City Royals batting - Pitching for Milwaukee Brewers : RHP Drew Tollefsen
|
|
Batting: LHB Roman Downey
|
0-0: Ball 1-0: Ball 2-0: Foul Ball, location: 2F 2-1: Ground out 4-3 (Groundball, 34D, EV 100.6 MPH)
|
|
Batting: SHB Gil Switzer
|
0-0: Fly out, F8 (Flyball, 8LM, EV 86.9 MPH)
|
|
Batting: LHB Pete Hansel
|
0-0: Ball 1-0: Called Strike 1-1: Ball 2-1: Ball 3-1: Base on Balls
|
|
Batting: RHB Walt Cogswell
|
0-0: Ball Pete Hansel is caught stealing 2nd base 2-4
|
| Bottom of the 7th over - 0 runs, 0 hits, 0 errors, 0 left on base; Milwaukee 1 - Kansas City 7 |
| TOP OF THE 8TH |
|
Milwaukee Brewers batting - Pitching for Kansas City Royals : LHP John Hall
|
|
Batting: RHB Naofumi Ishida
|
0-0: Ball 1-0: Foul Ball, location: 2F 1-1: Called Strike 1-2: Strikes out looking
|
|
Batting: RHB Ben Campbell
|
0-0: Ball 1-0: Called Strike 1-1: Ball 2-1: DOUBLE (Flyball, 89D, EV 105.0 MPH)
|
|
Batting: RHB Joel Haycock
|
0-0: Called Strike 0-1: Ball 1-1: Called Strike 1-2: Strikes out swinging
|
|
Batting: RHB Akitada Nishizawa
|
0-0: Foul Ball, location: 2F 0-1: Ground out 6-3 (Groundball, 6, EV 86.9 MPH)
|
| Top of the 8th over - 0 runs, 1 hit, 0 errors, 1 left on base; Milwaukee 1 - Kansas City 7 |
| BOTTOM OF THE 8TH |
|
Kansas City Royals batting - Pitching for Milwaukee Brewers : RHP Drew Tollefsen
|
|
Batting: RHB Walt Cogswell
|
0-0: Called Strike 0-1: SINGLE (Groundball, 6M, EV 83.1 MPH) (infield hit)
|
|
Batting: LHB Manny Estrada
|
0-0: Fly out, F7 (Flyball, 7D, EV 103.8 MPH)
|
|
Batting: SHB Jose Pacheco
|
0-0: Ball 1-0: Ball 2-0: Ball 3-0: Called Strike 3-1: Fielders Choice at 2nd, 6-4 (Groundball, 6, EV 104.4 MPH)
|
|
Pitching: LHP Danny Lawson
|
|
|
Batting: RHB Matt Belgard
|
0-0: Foul Ball, location: 2F 0-1: Foul Ball, location: 2F 0-2: Strikes out swinging
|
| Bottom of the 8th over - 0 runs, 1 hit, 0 errors, 1 left on base; Milwaukee 1 - Kansas City 7 |
| TOP OF THE 9TH |
|
Milwaukee Brewers batting - Pitching for Kansas City Royals : LHP John Hall
|
|
Batting: LHB Eric Klasek
|
0-0: Swinging Strike 0-1: Foul Ball, location: 2F 0-2: Strikes out looking
|
|
Batting: SHB Junzo Kato
|
0-0: Ball 1-0: Called Strike 1-1: Ball 2-1: Ball 3-1: Foul Ball, location: 2F 3-2: Foul Ball, location: 2F 3-2: Strikes out swinging
|
|
Batting: RHB Daniel Donovan
|
0-0: Called Strike 0-1: Ball 1-1: Swinging Strike 1-2: Foul Ball, location: 2F 1-2: Ball 2-2: Ball 3-2: SOLO HOME RUN (Flyball, 7LD, EV 95.0 MPH), Distance : 344 ft
|
|
Batting: LHB Alfredo de la Cruz
|
0-0: Ball 1-0: Called Strike 1-1: Ground out 4-3 (Groundball, 34D, EV 99.4 MPH)
|
| Top of the 9th over - 1 run, 1 hit, 0 errors, 0 left on base; Milwaukee 2 - Kansas City 7 |
|